 Dungeon Crawl Stone Soup version 0.29.1-1-gd02db6906a (webtiles) character file.

Game seed: 13348419331116488597

119 Descartes the Gusty (level 4, 0/18 HPs)
             Began as a Felid Wanderer on Oct 20, 2022.
             Slain by a quokka (5 damage)
             ... on level 4 of the Dungeon.
             The game lasted 00:10:38 (4449 turns).

Descartes the Gusty (Felid Wanderer)                Turns: 4449, Time: 00:10:38

Health: 0/18       AC:  1    Str:  7    XL:     4   Next: 73%
Magic:  5/9        EV: 16    Int: 14    God:
Gold:   121        SH:  0    Dex: 17    Spells: 8/9 levels left
                                        Lives:  0   Deaths: 1

rFire   . . .      SeeInvis +   (weapon unavailable)
rCold   . . .      Faith    .   (shield unavailable)
rNeg    . . .      Spirit   .   (body armour unavailable)
rPois   .          Reflect  .   (helmet unavailable)
rElec   .          Harm     .   (cloak unavailable)
rCorr   .          Rampage  .   (gloves unavailable)
Will    .....                   (boots unavailable)
Stlth   +++.......              (no amulet)
HPRegen 0.06/turn               (no ring)
MPRegen 0.11/turn               (no ring)

@: about to teleport, quick
A: very small, claws 1, fangs 3, see invisible, speed 1, shaggy fur 1, stealthy
paws, no weapons or thrown items, no armour, multi-lived
a: no special abilities


You were on level 4 of the Dungeon.
You visited 1 branch of the dungeon, and saw 4 of its levels.
You also visited: Sewer.

You collected 121 gold pieces.

Inventory:

Scrolls
 a - 2 scrolls of butterflies
 e - 2 scrolls of noise
 g - a scroll of identify
 i - 2 scrolls of teleportation
Potions
 b - a potion of berserk rage
 c - a potion of mutation {unknown}
 d - 5 potions of flight
 f - a potion of curing {unknown}
 h - a potion of ambrosia {unknown}
 j - 2 potions of heal wounds {unknown}
 k - 3 potions of degeneration
 m - a potion of lignification {unknown}


   Skills:
 - Level 1.3 Dodging
 - Level 4.0 Stealth
 + Level 3.1 Spellcasting
 + Level 2.6 Conjurations
 + Level 4.6 Air Magic


You had 8 spell levels left.
You knew the following spells:

 Your Spells              Type           Power      Damage    Failure   Level
a - Shock                 Conj/Air       48%        1d6       4%          1

Your spell library contained the following spells:

 Spells                   Type           Power      Damage    Failure   Level
 Mephitic Cloud           Conj/Pois/Air  9%         N/A       24%         3


Dungeon Overview and Level Annotations

Branches:
Dungeon (4/15)              Sewer (visited)
 Temple: D:4-7

Altars:
Ru
Sif Muna
Wu Jian

Annotations:
D:4 Menkaure


Innate Abilities, Weirdness & Mutations

You have sharp claws.
You have razor-sharp teeth.
You have supernaturally acute eyesight. (SInv)
You cover ground quickly. (Speed+)
You are covered in fur. (AC +1)
Your paws help you pounce on unaware monsters.
You are incapable of wielding weapons or throwing items.
You cannot wear armour.
You gain extra lives every three experience levels.


Message History

Press: ? - help, Shift-Dir - straight line, f - giant cockroach
Aim: a giant cockroach (moderately wounded, 68% to hit)
The zap misses the giant cockroach.
Casting: Shock (safe; 4% risk of failure)
Confirm with . or Enter, or press ? or * to list all spells.
Aiming: Shock (safe; 4% risk of failure)
Press: ? - help, Shift-Dir - straight line, f/p - giant cockroach
Aim: a giant cockroach (moderately wounded, 68% to hit)
The zap hits the giant cockroach.
The giant cockroach is heavily wounded.
The endoplasm hits you.
Unknown command.
You enter the shallow water.
Moving in this stuff is going to be slow.
Found a stone staircase leading down.
The giant cockroach completely misses you.
The giant cockroach misses you.
Menkaure calls on the powers of darkness!
The endoplasm convulses!
Your body is wracked with pain!
The giant cockroach attacks as you move away!
The giant cockroach misses you. The giant cockroach bites you.
Casting: Shock (safe; 4% risk of failure)
Confirm with . or Enter, or press ? or * to list all spells.
Aiming: Shock (safe; 4% risk of failure)
Press: ? - help, Shift-Dir - straight line, f/p - giant cockroach
Aim: a giant cockroach (heavily wounded, 68% to hit)
The zap misses the giant cockroach.
The zap hits the endoplasm.
You kill the endoplasm!
The zap hits Menkaure.
Menkaure is lightly damaged.
The giant cockroach closely misses you.
Found a stone staircase leading down.
The quokka barely misses you. The quokka bites you.
* * * LOW HITPOINT WARNING * * *
Menkaure gestures wildly while chanting.
Menkaure seems to speed up.
As you read the scroll of teleportation, it crumbles to dust.
You feel strangely unstable. The giant cockroach misses you.
The quokka bites you.
You die...

....... ..
..........
..........
.......#.#
......>#.#
......o#.#
..>..BB#r## #@..#
#.. #B~~# #..#
#~n~# . #..#
#~~~# .
######..#####~~~#
.
...........#nM~#
#.....?...#~~~#
#.........#~~~#
#......!..#~~~#


You could see 2 necrophages, Menkaure (fast), an orc, a quokka and 3 giant
cockroaches.

Vanquished Creatures
  Robin (D:2)
  6 adders
  2 river rats (Sewer)
  2 dart slugs (D:1)
  A worm (Sewer)
  13 bats
  6 endoplasms
  4 giant cockroaches
  5 hobgoblins
  5 jackals
  8 quokkas
  10 ball pythons
  10 frilled lizards
  10 goblins
  5 kobolds
  5 rats
93 creatures vanquished.

Notes
Turn   | Place    | Note
-------+----------+-------------------------------------------
     0 | D:1      | Descartes the Felid Wanderer began the quest for the Orb.
     0 | D:1      | Descartes set off with the following items: a scroll of
                  | butterflies, a potion of berserk rage; and the following
                  | spell memorised: Shock; and the following spells available
                  | to memorise: Mephitic Cloud.
     0 | D:1      | Reached XP level 1. HP: 7/7 MP: 4/4
   301 | D:1      | Reached XP level 2. HP: 11/11 MP: 1/6
   302 | D:1      | Reached skill level 1 in Conjurations
   909 | D:1      | Found a faded altar of an unknown god.
   982 | D:1      | Reached XP level 3. HP: 14/14 MP: 4/7
  1711 | D:2      | Reached XP level 4. HP: 10/18 MP: 1/8
  2197 | D:2      | Noticed Robin
  2209 | D:2      | Killed Robin
  2851 | D:3      | Found a sacrificial altar of Ru.
  2996 | D:3      | Found a shimmering blue altar of Sif Muna.
  2996 | D:3      | Found an ornate altar of the Wu Jian Council.
  3058 | D:3      | You fall into a shaft and drop 1 floor!
  3068 | D:4      | Noticed a scorpion
  3072 | D:4      | Noticed a necrophage
  3073 | D:4      | Noticed Menkaure
  3074 | D:4      | Noticed a necrophage
  3107 | D:4      | Found a glowing drain.
  3116 | Sewer    | Entered a sewer
  3392 | Sewer    | Slain by an adder
  3393 | Sewer    | Reached XP level 3. HP: 0/14 MP: 0/8
  3480 | Sewer    | Reached XP level 4. HP: 16/18 MP: 0/9
  4449 | D:4      | Slain by a quokka

Illustrated notes

Levels and vault maps discovered:
D:1:      dpeg_arrival_long_road, layout_basic,
          hellmonk_ecumenical_altar_inner_sanctum, minmay_tetromino_t2
D:2:      layout_loops_ring, uniq_robin
D:3:      layout_loops_ring, mainiacjoe_overflow_catwalk_spiral,
          nicolae_ru_sacrificial_ziggurat, uniq_jessica
D:4:      layout_rooms, minmay_temple_entry_nine_rooms, gammafunk_ghost_arena,
          portal_sewer_entry_f, minmay_starry_boxes, uniq_pikel, uniq_menkaure

Skill      XL: |  1  2  3  4 |
---------------+-------------+-----
Conjurations   | 1 2 |  2.6
Air Magic      | 4 |  4.6
Spellcasting   | 3 |  3.1
Dodging        | |  1.3
Stealth        | |  4.0

Action                   |  1- 3 |  4- 6 || total
-------------------------+-------+-------++-------
Melee: Unarmed           |     2 |       ||     2
 Cast: Shock             |   112 |   106 ||   218
  Use: Scroll            |       |     6 ||     6
       Potion            |       |     1 ||     1
Armor: Skin              |     4 |     2 ||     6
Dodge: Dodged            |    26 |    43 ||    69
